 Dungeon Crawl Stone Soup version 0.31-a0-977-gc230f8ef24 (webtiles) character file.

Game seed: 963383332182887639

246 Conn the Sneak (level 6, -1/36 HPs)
             Began as an Octopode Fire Elementalist on Oct 29, 2023.
             Slain by a black bear (4 damage)
             ... on level 4 of the Dungeon.
             The game lasted 00:04:55 (3179 turns).

Conn the Sneak (Octopode Fire Elementalist)         Turns: 3179, Time: 00:05:01

Health: -1/36      AC:  1    Str:  7    XL:     6   Next: 11%
Magic:  0/10       EV: 14    Int: 19    God:
Gold:   126        SH:  0    Dex: 13    Spells: 1/11 levels left

rFire   . . .        h - +2 dagger (spect)
rCold   . . .        (no shield)
rNeg    . . .        (helmet restricted)
rPois   .            (no amulet)
rElec   .            (no ring)
rCorr   .            (no ring)
SInv    .            (no ring)
Will    .....        (no ring)
Stlth   ++++         (no ring)
HPRegen 0.26/turn    (no ring)
MPRegen 0.12/turn    (no ring)
                     (no ring)

%: no passive effects
@: very slightly contaminated
A: almost no armour, amphibious, 8 rings, camouflage 1, gelatinous body 1,
(nimble swimmer 1), tentacles
a: no special abilities


You were on level 4 of the Dungeon.
You visited 1 branch of the dungeon, and saw 4 of its levels.

You collected 126 gold pieces.

Inventory:

Hand Weapons
 h - a +2 spectral dagger (weapon)
Scrolls
 b - 3 scrolls of poison
 c - 2 scrolls of fog
 d - 2 scrolls of noise
 e - a scroll of vulnerability
Potions
 a - a potion of magic
 f - a potion of heal wounds {unknown}
 g - a potion of lignification {unknown}


   Skills:
 + Level 3.1 Dodging
 + Level 4.3 Stealth
 * Level 3.1 Spellcasting
 * Level 2.8 Conjurations
 + Level 0.7 Hexes
 + Level 3.8 Fire Magic


You had one spell level left.
You knew the following spells:

 Your Spells              Type           Power      Damage    Failure   Level
a - Foxfire               Conj/Fire      60%        2x1d7     3%          1
b - Scorch                Fire           34%        2d6       4%          2
c - Inner Flame           Hex/Fire       11%        N/A       19%         3
d - Flame Wave            Conj/Fire      15%        2d7       36%         4

Your spell library contained the following spells:

 Spells                   Type           Power      Damage    Failure   Level
 Volatile Blastmotes      Fire/Tloc      20%        2d11      21%         3


Dungeon Overview and Level Annotations

Branches:
Dungeon (4/15)
 Temple: D:4-7

Altars:
Ashenzari
Elyvilon

Shops:
D:1 *


Innate Abilities, Weirdness & Mutations

You cannot wear most types of armour.
You are amphibious.
You can wear up to eight rings at the same time.
Your skin changes colour to match your surroundings (Stealth+).
Your rubbery body absorbs attacks. (AC +1, EV +1)
((You are camouflaged when in or above water. (Stealth+)))
You have tentacles for arms and can constrict up to eight enemies at once.


Message History

You hit the hobgoblin but do no damage. You squeeze the hobgoblin.
You kill the hobgoblin!
Casting: Foxfire (safe; 3% risk of failure)
Confirm with . or Enter, or press ? or * to list all spells.
Flames lash the black bear.
The black bear is moderately wounded.
The black bear's fire resistance burns away.
Unknown command.
Casting: Scorch (safe; 4% risk of failure)
Confirm with . or Enter, or press ? or * to list all spells.
You miscast Scorch.
You are very lightly contaminated with residual magic.
Nothing appears to happen.
Unknown command.
Casting: Scorch (safe; 4% risk of failure)
Confirm with . or Enter, or press ? or * to list all spells.
Flames lash the black bear.
The black bear is burned terribly!
The black bear is almost dead.
You hear a shout!
The black bear misses you. The black bear claws you. x2
Unknown command.
Casting: Scorch (safe; 4% risk of failure)
Confirm with . or Enter, or press ? or * to list all spells.
You miscast Scorch.
Nothing appears to happen.
The black bear goes berserk!
A goblin comes into view. It is wielding a +0 dagger.
Unknown command.
Casting: Scorch (safe; 4% risk of failure)
Confirm with . or Enter, or press ? or * to list all spells.
Flames lash the black bear.
The black bear is burned terribly!
The black bear is almost dead.
The black bear bites you!
The black bear claws you but does no damage.
The black bear barely misses you.
You hit the black bear. Your grab misses the black bear.
You squeeze the black bear, but do no damage.
The black bear is almost dead.
The black bear bites you!
* * * LOW HITPOINT WARNING * * *
The black bear barely misses you. The black bear claws you.
You die...

.# #.##...######.#
.###)##.### #.#
...#....########.########
.........................
###....#########.####...#
###...... #.# + #.......
#.# ##+###... #.# .. #@#
. #h# #.# #.# #.# #.# #g#
#.#


You could see a black bear (berserk, combustible) and a goblin.

Vanquished Creatures
  A hound (D:3)
  Terence (D:3)
  2 orc wizards (D:2)
  4 adders
  3 gnolls (D:3)
  A worm (D:2)
  A dart slug (D:1)
  An orc (D:2)
  8 bats
  5 endoplasms
  2 giant cockroaches
  2 goblins (D:2)
  7 hobgoblins
  2 jackals (D:3)
  5 quokkas
  9 ball pythons
  2 frilled lizards (D:1)
  10 kobolds
  3 rats
69 creatures vanquished.

Vanquished Creatures (others)
  174 foxfires
174 creatures vanquished.

Grand Total: 243 creatures vanquished

Notes
Turn   | Place    | Note
-------+----------+-------------------------------------------
     0 | D:1      | Conn the Octopode Fire Elementalist began the quest for the
                  | Orb.
     0 | D:1      | Reached XP level 1. HP: 11/11 MP: 3/3
   247 | D:1      | Reached XP level 2. HP: 17/17 MP: 1/5
   248 | D:1      | Reached skill level 3 in Stealth
   451 | D:1      | Found Fainip Forpho's General Store.
   756 | D:1      | Reached XP level 3. HP: 21/21 MP: 1/6
  1264 | D:2      | Found a broken altar of Ashenzari.
  1392 | D:2      | Reached XP level 4. HP: 27/27 MP: 2/7
  1774 | D:2      | Reached XP level 5. HP: 27/31 MP: 4/9
  1779 | D:2      | Reached skill level 4 in Stealth
  2036 | D:2      | Learned a level 2 spell: Scorch
  2040 | D:2      | Learned a level 3 spell: Inner Flame
  2050 | D:2      | Found a faded altar of an unknown god.
  2446 | D:3      | Noticed Terence
  2455 | D:3      | Killed Terence
  2774 | D:3      | Found a white marble altar of Elyvilon.
  2797 | D:3      | Reached XP level 6. HP: 36/36 MP: 10/10
  2999 | D:3      | Learned a level 4 spell: Flame Wave
  3169 | D:4      | Noticed a black bear
  3179 | D:4      | Slain by a black bear

Illustrated notes

Levels and vault maps discovered:
D:1:      roadster_arrival_rocket_small, layout_basic, serial_shops, shop,
          nicolae_concentric_dashed_squares_wild
D:2:      layout_loops_ring, shapermc_ecumenical_altar_totnotflames,
          basic_altar, hangedman_decor_push, minivault_5
D:3:      layout_rooms, elyvilon_altar_1, uniq_terence
D:4:      layout_basic, mainiacjoe_overflow_alcove_2, minmay_temple_entry_hall

Skill      XL: |  1  2  3  4  5 |
---------------+----------------+-----
Stealth        | 3 4 |  4.3
Conjurations   | 2 |  2.8
Dodging        | 3 |  3.1
Spellcasting   | 3 |  3.1
Hexes          | |  0.7
Fire Magic     | |  3.8

Action                     |  1- 3 |  4- 6 || total
---------------------------+-------+-------++-------
  Melee: Unarmed           |    13 |     6 ||    19
         Constrict         |     6 |     7 ||    13
         Tentacles         |     2 |    10 ||    12
         Punch             |     1 |     2 ||     3
         Dagger            |       |    37 ||    37
   Cast: Foxfire           |    64 |    36 ||   100
         Scorch            |       |     4 ||     4
    Use: Scroll            |       |     6 ||     6
   Stab: Sleeping          |       |    12 ||    12
 Armour: Skin              |    12 |    15 ||    27
  Dodge: Dodged            |    14 |    16 ||    30

Table legend: (Time is in decaauts)
 A = Elapsed time spent in this place.
 B = Non-inter-level travel time spent in this place.
 C = Inter-level travel time spent in this place.
 D = Time resting spent in this place.
 E = Time spent auto-exploring this place.
 F = Levels seen in this place.
 G = Mean time per level.
                   A        B        C        D        E       F      G
               +--------+--------+--------+--------+--------+-----+--------+
         Total |   3176 |   3094 |     82 |     16 |   2468 |   4 |  794.0 |
       Dungeon |   3176 |   3094 |     82 |     16 |   2468 |   4 |  794.0 |
               +--------+--------+--------+--------+--------+-----+--------+

Top non-repeatable levels by time:
     D:1: 1197 daAuts
     D:2: 1172 daAuts
     D:3: 654 daAuts
     D:4: 153 daAuts
